 Dungeon Crawl Stone Soup version 0.29.1-1-gd02db6906a (webtiles) character file.

Game seed: 3547227127704419438

49 H0rd4k the Insei (level 3, 0/23 HPs)
             Began as an Octopode Transmuter on Oct 20, 2022.
             Slain by a gnoll
             ... wielding a +0 flail
              (6 damage)
             ... on level 2 of the Dungeon.
             The game lasted 00:00:56 (1444 turns).

H0rd4k the Insei (Octopode Transmuter)              Turns: 1444, Time: 00:00:57

Health: 0/23       AC:  1    Str:  9    XL:     3   Next: 75%
Magic:  6/6        EV: 13    Int: 17    God:
Gold:   76         SH:  0    Dex: 12    Spells: 5/6 levels left

rFire   . . .      SeeInvis .     - Unarmed
rCold   . . .      Faith    .   (no shield)
rNeg    . . .      Spirit   .   (helmet currently unavailable)
rPois   .          Reflect  .   (no amulet)
rElec   .          Harm     .   (no ring)
rCorr   .          Rampage  .   (no ring)
Will    .....                   (no ring)
Stlth   ++........              (no ring)
HPRegen 0.07/turn               (no ring)
MPRegen 0.10/turn               (no ring)
                                (no ring)
                                (no ring)

@: appendages (expiring)
A: tentacle spike 3, almost no armour, amphibious, 8 rings, camouflage 1,
gelatinous body 1, (nimble swimmer 1), tentacles
a: End Transformation


You were on level 2 of the Dungeon.
One of your tentacles had grown a beastly spike.
You visited 1 branch of the dungeon, and saw 2 of its levels.

You collected 76 gold pieces.

Inventory:

Jewellery
 e - an amulet of reflection
Scrolls
 b - a scroll of teleportation {unknown}
 c - 2 scrolls of identify {unknown}
 f - a scroll of enchant armour {unknown}
 h - a scroll of fear {unknown}
 j - a scroll of poison {unknown}
Potions
 a - a potion of lignification
 d - a potion of flight {unknown}
 g - a potion of magic {unknown}
 i - a potion of degeneration {unknown}
 k - a potion of attraction {unknown}


   Skills:
 + Level 1.0 Fighting
 + Level 2.7 Dodging
 + Level 3.9 Unarmed Combat
 + Level 2.3 Spellcasting
 + Level 2.0 Transmutations


You had 5 spell levels left.
You knew the following spells:

 Your Spells              Type           Power      Damage    Failure   Level
a - Beastly Appendage     Tmut           16%        N/A       9%          1

Your spell library contained the following spells:

 Spells                   Type           Power      Damage    Failure   Level
 Wereblood                Tmut           8%         N/A       12%         2
 Spider Form              Tmut/Pois      5%         N/A       36%         3
 Ice Form                 Ice/Tmut       5%         N/A       77%         4


Dungeon Overview and Level Annotations

Branches:
Dungeon (2/15)

Altars:

Annotations:
D:1 exclusion: downstairs


Innate Abilities, Weirdness & Mutations

One of your tentacles has grown a beastly spike.
You cannot wear most types of armour.
You are amphibious.
You can wear up to eight rings at the same time.
Your skin changes colour to match your surroundings (Stealth+).
Your rubbery body absorbs attacks. (AC +1, EV +1)
((You are camouflaged when in or above water. (Stealth+)))
You have tentacles for arms and can constrict up to eight enemies at once.


Message History

Press: ? - help, v - describe, . - travel A stone staircase leading down.
Placed new exclusion.
Reduced exclusion size to a single square.
(D) Dungeon
Where to? (Enter - D:2, ? - help)
There is a stone staircase leading down here.
You climb downwards.
There is a stone staircase leading up here.
A gnoll is nearby!
A gnoll is nearby!
The gnoll shouts!
Casting: Beastly Appendage (safe; 9% risk of failure)
Confirm with . or Enter, or press ? or * to list all spells.
One of your tentacles grows a vicious spike.
The gnoll hits you from afar with a +0 spear.
The gnoll shouts!
The gnoll closely misses you.
You closely miss the gnoll. Your grab misses the gnoll.
You completely miss the gnoll. Your grab misses the gnoll.
You pierce the gnoll.
Your tentacle-slap misses the gnoll.
Your squeeze misses the gnoll.
The gnoll is moderately wounded.
The gnoll closely misses you.
You tentacle-slap the gnoll but do no damage.
You grab the gnoll.
You pierce the gnoll, but do no damage.
The gnoll is moderately wounded.
You constrict the gnoll, but do no damage.
The gnoll hits you with a +0 spear.
You tentacle-slap the gnoll.
The gnoll is heavily wounded.
You constrict the gnoll, but do no damage.
The gnoll barely misses you.
You release your grip on the gnoll.
The gnoll hits you from afar with a +0 spear!
* * * LOW HITPOINT WARNING * * *
Your transformation is almost over.
There is a stone staircase leading up here.
The gnoll hits you with a +0 flail.
You die...

#.# #.#.#.# #.# #.#
#.#.#.######.###
##.###.#............#
#...##.#....#####.#.#
#.........#.#####.#.#
#...##............#.#
###....g#.#.##......#
#####g#g#..)......#
#@#.####......##
#.#............#
#.#............#
#.#.#####..###.#
#.#.# ##...##.#
#.#.####..g..# #
#.#.....<....#.#
#.#..###.......#
#..####g..##...


You could see 2 gnolls.

Vanquished Creatures
  A gnoll (D:2)
  An adder (D:2)
  A worm (D:2)
  A dart slug (D:2)
  A bat (D:1)
  An endoplasm (D:1)
  A giant cockroach (D:2)
  2 goblins
  4 hobgoblins (D:1)
  2 jackals (D:2)
  3 kobolds
  2 ball pythons (D:1)
  4 rats
24 creatures vanquished.

Vanquished Creatures (others)
  4 toadstools (D:1)
4 creatures vanquished.

Grand Total: 28 creatures vanquished

Notes
Turn   | Place    | Note
-------+----------+-------------------------------------------
     0 | D:1      | H0rd4k the Octopode Transmuter began the quest for the Orb.
     0 | D:1      | Reached XP level 1. HP: 13/13 MP: 3/3
   458 | D:1      | Found a faded altar of an unknown god.
   464 | D:1      | Reached XP level 2. HP: 18/18 MP: 5/5
  1109 | D:2      | Reached XP level 3. HP: 23/23 MP: 6/6
  1444 | D:2      | Slain by a gnoll

Illustrated notes

Levels and vault maps discovered:
D:1:      ldierk_walled_garden_2, layout_loops_cross,
          ebering_ecumenical_altar_ruins, reono_crystal_passage,
          minmay_split_cup_large
D:2:      layout_loops_ring, serial_shops, nicolae_shop_advertising_works
          [nicolae_subvault_shop_adworks], basic_altar, uniq_sigmund

Action                   || total
-------------------------++-------
Melee: Unarmed           ||    61
       Constrict         ||    19
       Tentacles         ||     7
       Kick              ||     8
 Cast: Beastly Appendage ||     2
 Stab: Sleeping          ||     3
Armor: Skin              ||     5
Dodge: Dodged            ||    39
